Map: Ultralove

Players

jeannysu

  • Race: Zerg Zerg
  • Spawn Location: 1:00

인공지능 칸 (정예) - Winner!

  • Race: Protoss Protoss
  • Spawn Location: 7:00

VOD

Have the link to the VOD?

Description

Time

  • Played on: Sept. 25, 2025, 11:09 a.m.
  • Length: 9:49
Show
View Real Time Build Order
Export as new Build Order

jeannysu Zerg 

Build Orders: Hatch First 

Get SALT Encoding   

  12  0:00  Drone  
  13  0:12  Overlord  
  13  0:17  Drone  
  14  0:31  Drone x2  
  16  0:47  Hatchery  
  15  0:51  Drone  
  15  0:54  Drone  
  17  0:57  Drone  
  18  1:08  Extractor  
  17  1:13  Spawning Pool  
  17  1:16  Drone  
  17  1:19  Drone  
  18  1:28  Drone  
  19  1:42  Drone  
  20  1:49  Overlord  
  20  2:00  Queen x2  
  24  2:01  Zergling x2  
  24  2:02  Zergling x2  
  26  2:12  Drone x2  
  28  2:21  Metabolic Boost  
  28  2:23  Drone x2  
  30  2:33  Drone x2  
  32  2:45  Hatchery  
  32  2:47  Drone  
  32  2:48  Drone  
  33  2:56  Overlord  
  33  2:57  Drone  
  34  3:07  Drone x2  
  36  3:13  Queen  
  36  3:16  Drone x2  
  40  3:22  Drone  
  40  3:24  Drone x2  
  40  3:26  Drone  
  44  3:28  Overlord  
  44  3:52  Evolution Chamber  
  44  3:54  Queen  
  45  3:55  Drone, Evolution Chamber  
  45  3:56  Drone x3  
  45  3:58  Queen  
  45  3:59  Drone x3  
  45  4:01  Overlord  
  53  4:03  Overlord  
  53  4:05  Drone  
  54  4:11  Lair  
  54  4:29  Drone x3  
  54  4:30  Drone  
  54  4:31  Drone x6  
  64  4:44  Queen  
  64  4:45  Drone  
  67  4:46  Drone x5  
  67  4:49  Overlord  
  67  4:52  Hatchery  
  71  5:07  Extractor  
  70  5:11  Zerg Ground Armor Level 1, Zerg Missile Weapons Level 1  
  70  5:16  Extractor x2  
  70  5:17  Overseer  
  70  5:20  Drone  
  70  5:21  Drone x3  
  72  5:31  Extractor  
  72  5:32  Extractor  
  70  5:38  Drone x4  
  70  5:40  Zergling x2  
  70  5:41  Zergling x14  
  82  6:08  Drone x2  
  82  6:10  Zergling x8  
  88  6:13  Overlord x4  
  88  6:24  Hydralisk Den  
  87  6:26  Infestation Pit, Queen  
  87  6:30  Nydus Network  
  87  6:38  Drone  
  87  6:39  Drone x10  
  98  6:46  Drone x2  
  100  7:08  Drone x6  
  103  7:09  Drone  
  103  7:10  Extractor  
  103  7:12  Drone x2, Zergling x2, Extractor  
  103  7:13  Zergling x4  
  110  7:19  Baneling Nest, Hive  
  110  7:20  Hydralisk x5  
  119  7:24  Grooved Spines  
  119  7:46  Overlord  
  119  7:47  Overlord x3, Hatchery  
  118  8:06  Hydralisk  
  118  8:07  Hydralisk x13  
  146  8:14  Muscular Augments, Pneumatized Carapace  
  146  8:18  Zergling x2  
  146  8:19  Zergling x10  
  152  8:26  Overlord  
  152  8:27  Overlord x2  
  152  8:35  Overlord x3  
  152  8:49  Viper x2  
  152  8:50  Viper  
  161  8:58  Zergling x12  
  161  8:59  Zergling x4  
  161  9:01  Overlord x2  
  170  9:10  Drone x4  
Show
View Real Time Build Order
Export as new Build Order

인공지능 칸 (정예) Protoss - Winner!

Build Orders: 1 Gate Expand, Zealot Archon, Colossus Rush 

Get SALT Encoding   

  12  0:00  Probe  
  13  0:13  Probe  
  14  0:19  Pylon  
  14  0:25  Probe  
  15  0:33  Probe  
  15  0:41  Probe  
  16  0:47  Assimilator  
  16  0:49  Gateway  
  17  0:52  Probe  
  18  0:59  Pylon  
  18  1:00  Probe  
  19  1:08  Probe  
  19  1:18  Probe  
  21  1:30  Probe  
  22  1:37  Nexus  
  22  1:42  Probe  
  23  1:47  Zealot  
  25  1:58  Probe  
  25  1:59  Cybernetics Core  
  26  2:06  Probe  
  26  2:14  Probe  
  28  2:26  Pylon, Probe  
  28  2:28  Warp Gate  
  29  2:30  Stalker  
  28  2:38  Probe  
  28  2:39  Gateway  
  28  2:43  Assimilator  
  31  2:50  Probe  
  32  2:54  Probe  
  32  2:55  Adept  
  33  3:02  Pylon  
  33  3:03  Probe  
  36  3:11  Probe  
  37  3:15  Probe  
  38  3:23  Robotics Facility  
  38  3:25  Adept x2  
  42  3:28  Probe  
  42  3:29  Probe  
  44  3:40  Probe  
  45  3:41  Probe  
  45  3:45  Adept  
  46  3:52  Probe  
  46  3:54  Probe  
  50  3:55  Adept  
  52  4:04  Probe x2  
  54  4:12  Probe  
  54  4:13  Observer, Pylon  
  54  4:14  Robotics Bay  
  54  4:16  Probe  
  57  4:20  Probe, Robotics Facility  
  57  4:23  Adept  
  59  4:25  Pylon  
  60  4:33  Stalker  
  60  4:36  Probe  
  60  4:38  Probe  
  64  4:39  Pylon  
  64  4:43  Stalker  
  66  4:57  Gateway  
  66  5:07  Pylon, Zealot  
  68  5:09  Zealot  
  68  5:10  Colossus  
  76  5:23  Pylon  
  76  5:24  Zealot  
  76  5:27  Zealot  
  80  5:44  Probe x2, Stalker  
  80  5:46  Pylon  
  80  5:48  Twilight Council  
  84  5:50  Assimilator  
  84  5:52  Forge  
  84  5:53  Assimilator  
  84  5:58  Forge, Nexus  
  84  6:01  Sentry  
  86  6:11  Probe  
  86  6:15  Probe  
  88  6:19  Probe  
  89  6:28  Probe  
  89  6:31  Templar Archives  
  89  6:32  Pylon  
  90  6:39  Gateway  
  90  6:51  Warp Prism  
  90  6:53  Photon Cannon  
  90  6:55  Pylon  
  90  7:00  Stalker  
  94  7:04  Stalker  
  94  7:07  High Templar  
  98  7:10  Probe x2  
  98  7:11  Probe  
  101  7:16  High Templar  
  101  7:20  Assimilator  
  101  7:22  Pylon, Probe  
  104  7:23  Photon Cannon  
  104  7:24  Probe x2  
  104  7:27  Sentry  
  104  7:28  Photon Cannon  
  108  7:30  Assimilator  
  108  7:32  Photon Cannon  
  108  7:33  Archon, High Templar  
  108  7:34  Probe  
  108  7:36  Probe  
  108  7:37  Probe  
  113  7:39  Stalker  
  113  7:42  Stalker  
  117  7:47  Probe  
  117  7:48  Probe, Photon Cannon  
  117  7:49  Probe  
  120  7:51  High Templar  
  120  7:55  Pylon  
  122  7:58  Probe  
  122  7:59  Probe  
  122  8:01  Probe  
  122  8:02  Zealot  
  122  8:04  Zealot  
  129  8:05  Zealot  
  129  8:08  Probe x2  
  129  8:10  Psionic Storm  
  133  8:13  Probe  
  133  8:16  Probe  
  134  8:20  Pylon  
  134  8:23  Stalker  
  134  8:24  Stalker, Zealot  
  134  8:25  Zealot  
  143  8:27  Colossus  
  143  8:29  Archon  
  143  8:38  Photon Cannon  
  143  8:39  High Templar  
  145  8:43  Pylon  
  145  8:45  Stalker, Photon Cannon  
  145  8:46  High Templar  
  145  8:48  Stalker  
  151  8:53  Immortal  
  151  8:54  Immortal  
  159  9:04  Pylon  
  159  9:05  Nexus  
  159  9:07  Sentry  
  161  9:20  Zealot x3  
  167  9:28  Pylon  
  167  9:30  Zealot  
  157  9:34  Sentry  
  150  9:40  Zealot  
  150  9:41  Zealot  
Tags
 
Composition
Zealot Archon
Matchup
PvZ
Replay Pack
새 폴더
Spawn Locations
Cross Positions
Add a new tag
Caveats
  • Supply blocks, unpowered buildings, or Contaminate may cause inaccurate times.
  • Supply counts are checked every 10 seconds.